 Dungeon Crawl Stone Soup version 0.31-a0-152-g6aa68a64a1 (webtiles) character file.

Game seed: 13926534405442631317

1605 qw the Skirmisher (level 8, -3/74 HPs)
             Began as a Naga Hunter on June 10, 2023.
             Was an Initiate of Okawaru.
             Slain by a killer bee (4 damage)
             ... on level 7 of the Dungeon.
             The game lasted 00:02:15 (5400 turns).

qw the Skirmisher (Naga Hunter)                     Turns: 5400, Time: 00:02:16

Health: -3/74      AC:  6    Str: 13    XL:     8   Next: 94%
Magic:  9/9        EV: 10    Int:  9    God:    Okawaru [......]
Gold:   362        SH:  0    Dex: 18    Spells: 7/7 levels left

rFire   . . .        Y - +0 shortbow
rCold   . . .        (shield currently unavailable)
rNeg    . . .        c - +0 leather armour
rPois   +            (no helmet)
rElec   .            b - +0 cloak
rCorr   .            e - +0 pair of gloves
SInv    +            (no barding)
Will    ++...        h - amulet of regeneration
Stlth   ++           a - ring of willpower
HPRegen 1.12/turn    (no ring)
MPRegen 0.11/turn

%: no passive effects
@: lethally poisoned (-3 -> -4), about to teleport, short of breath, very slow
A: AC +2, large, see invisible, deformed body, poison resistance, slowness 2,
spit poison 1, naga tail 1
a: Spit Poison, Renounce Religion


You were on level 7 of the Dungeon.
You worshipped Okawaru.
Okawaru was noncommittal.
You visited 2 branches of the dungeon, and saw 8 of its levels.

You collected 427 gold pieces.
You spent 65 gold pieces at shops.


Innate Abilities, Weirdness & Mutations

Your serpentine skin is tough. (AC +2)
You have supernaturally acute eyesight. (SInv)
Armour fits poorly on your strangely shaped body.
Your system is resistant to poisons. (rPois)
You cover ground very slowly.
You can spit poison.
You have a snake-like lower body.


   Skills:
 + Level 5.0 Fighting
 - Level 9.0 Ranged Weapons
 - Level 1.0 Armour
 - Level 3.0 Dodging
 - Level 1.5 Stealth
 - Level 2.4 Invocations


You had 7 spell levels left.
You didn't know any spells.
Your spell library was empty.

Inventory:

Hand Weapons
 Y - a +0 shortbow (weapon)
Armour
 b - a +0 cloak (worn)
 c - a +0 leather armour (worn)
 e - a +0 pair of gloves (worn)
 l - a scarf of shadows
Jewellery
 a - a ring of willpower (left hand)
 h - an amulet of regeneration (around neck)
Wands
 d - a wand of digging (5)
Scrolls
 f - 4 scrolls of identify
 j - 2 scrolls of teleportation
Potions
 g - a potion of resistance
 k - a potion of haste

Dungeon Overview and Level Annotations

Branches:
Dungeon (7/15)             Temple (1/1) D:5

Altars:
Ashenzari
Cheibriados
Dithmenos
Elyvilon
Gozag
Hepliaklqana
Kikubaaqudgha
Nemelex Xobeh
Okawaru
Ru
Trog
Uskayaw
Vehumet
Wu Jian
Yredelemnul
Zin
The Shining One

Shops:
D:1 =   D:2 ?

Annotations:
D:6 2 transporters, Maggie; qw's ghost, novice MiHu


Message History

As you read the scroll of teleportation, it crumbles to dust.
You feel strangely unstable.
You have got your breath back.
You feel very sick. The killer bee barely misses you.
The killer bee stings you. The killer bee barely misses you.
The killer bee closely misses you.
The killer bee stings you but does no damage.
The killer bee closely misses you. The killer bee stings you.
The killer bee barely misses you.
5398 ||| DRINKING potion of heal wounds.
You feel much better.
You feel very sick.
You kill the killer bee!
Okawaru accepts your kill. The killer bee stings you.
The killer bee stings you but does no damage.
The killer bee stings you. The killer bee barely misses you.
The killer bee stings you. The killer bee barely misses you.
Your Dodging skill increases to level 3!
5399 ||| INVOKING Spit Poison.
Aiming: Spit Poison (1% risk of failure)
Press: ? - help, Shift-Dir - straight line, f - killer bee The splash of poison hits the killer bee!
The killer bee is poisoned.
The killer bee is almost dead.
You feel sick. The killer bee misses you. The killer bee barely misses you.
The killer bee stings you.
The killer bee stings you but does no damage.
The killer bee stings you. x2
The killer bee stings you but does no damage.
The killer bee barely misses you.
You shoot an arrow. The arrow hits the killer bee!
You kill the killer bee!
Okawaru accepts your kill.
You feel very sick. The killer bee stings you.
The killer bee stings you but does no damage. x2
The killer bee barely misses you. The killer bee closely misses you.
The killer bee stings you.
You die...

.......................
........................
........................
#.......................
##.............>....
#...........#####..
..........###
..........####
......y@%....#
......yy####.# .........
.# .......... #
....~~~~~~~ ....~.¤¤..$.
....~¤¤~~~~.~
....~.¤...¤.~.


You could see 3 killer bees.

Vanquished Creatures
  A steam dragon (D:5)
  2 ice beasts
  2 black bears
  An ogre (D:4)
  A phantom (D:6)
  A gnoll sergeant (D:7)
  2 bullfrogs (D:6)
  2 killer bees (D:7)
  2 gnoll boudas
  6 hounds
  A sleepcap (D:4)
  An orc wizard (D:6)
  4 iguanas
  12 gnolls
  9 adders
  2 shadow imps
  3 white imps
  A worm (D:4)
  3 dart slugs
  13 orcs
  6 ball pythons
  6 endoplasms
  6 giant cockroaches
  10 goblins
  2 hobgoblins (D:2)
  4 jackals (D:1)
  8 kobolds
  3 quokkas
  3 bats
  3 frilled lizards
  7 rats
127 creatures vanquished.

Notes
Turn   | Place    | Note
-------+----------+-------------------------------------------
     0 | D:1      | qw the Naga Hunter began the quest for the Orb.
     0 | D:1      | Reached XP level 1. HP: 19/19 MP: 1/1
     0 | D:1      | 0 ||| qw: Version: 0.2-a-29-gd901d54
     0 | D:1      | 0 ||| qw: Game counter: 3977
     0 | D:1      | 0 ||| qw: Always use a shield: true
     0 | D:1      | 0 ||| qw: God list: Okawaru
     0 | D:1      | 0 ||| qw: Allow faded altars: false
     0 | D:1      | 0 ||| qw: Do Orc after D:15 true
     0 | D:1      | 0 ||| qw: Do second Lair branch before Depths: true
     0 | D:1      | 0 ||| qw: Lair rune preference: random
     0 | D:1      | 0 ||| qw: Plans: Normal
     0 | D:1      | 0 ||| PLANNING D:1-11
   102 | D:1      | Found a faded altar of an unknown god.
   111 | D:1      | 111 ||| INVOKING Spit Poison.
   124 | D:1      | 124 ||| INVOKING Spit Poison.
   129 | D:1      | 129 ||| INVOKING Spit Poison.
   130 | D:1      | HP: 4/19 [jackal (2)]
   244 | D:1      | 244 ||| INVOKING Spit Poison.
   245 | D:1      | Reached skill level 4 in Ranged Weapons
   245 | D:1      | Reached XP level 2. HP: 26/26 MP: 2/2
   267 | D:1      | 267 ||| INVOKING Spit Poison.
   354 | D:1      | 354 ||| INVOKING Spit Poison.
   600 | D:1      | 600 ||| INVOKING Spit Poison.
   658 | D:1      | 658 ||| INVOKING Spit Poison.
   771 | D:1      | 771 ||| INVOKING Spit Poison.
   794 | D:1      | 794 ||| INVOKING Spit Poison.
   797 | D:1      | Found Teubbot's Jewellery Emporium.
   802 | D:1      | 802 ||| SHOPLISTING +4 ring of protection (360 gold, have
                  | 51).
   802 | D:1      | 802 ||| SHOPLISTING +6 ring of strength (360 gold, have
                  | 51).
   802 | D:1      | 802 ||| SHOPLISTING amulet of the acrobat (300 gold, have
                  | 51).
   802 | D:1      | 802 ||| SHOPLISTING ring of fire (250 gold, have 51).
   805 | D:1      | 805 ||| INVOKING Spit Poison.
   811 | D:1      | 811 ||| INVOKING Spit Poison.
   814 | D:1      | Reached XP level 3. HP: 26/32 MP: 3/3
   919 | D:1      | 919 ||| INVOKING Spit Poison.
   980 | D:1      | 980 ||| UPGRADING to +0 pair of gloves.
   985 | D:1      | 985 ||| DROPPING scroll of butterflies.
  1008 | D:2      | 1008 ||| INVOKING Spit Poison.
  1011 | D:2      | 1011 ||| INVOKING Spit Poison.
  1018 | D:2      | 1018 ||| INVOKING Spit Poison.
  1065 | D:2      | 1065 ||| INVOKING Spit Poison.
  1073 | D:2      | 1073 ||| INVOKING Spit Poison.
  1121 | D:2      | 1121 ||| INVOKING Spit Poison.
  1194 | D:2      | 1194 ||| INVOKING Spit Poison.
  1209 | D:2      | 1209 ||| INVOKING Spit Poison.
  1228 | D:2      | 1228 ||| INVOKING Spit Poison.
  1232 | D:2      | Reached skill level 5 in Ranged Weapons
  1233 | D:2      | 1233 ||| INVOKING Spit Poison.
  1236 | D:2      | Reached XP level 4. HP: 34/39 MP: 4/4
  1271 | D:2      | 1271 ||| INVOKING Spit Poison.
  1282 | D:2      | 1282 ||| INVOKING Spit Poison.
  1342 | D:2      | 1342 ||| INVOKING Spit Poison.
  1346 | D:2      | 1346 ||| INVOKING Spit Poison.
  1370 | D:2      | 1370 ||| INVOKING Spit Poison.
  1450 | D:2      | 1450 ||| INVOKING Spit Poison.
  1462 | D:2      | 1462 ||| INVOKING Spit Poison.
  1493 | D:2      | 1493 ||| INVOKING Spit Poison.
  1746 | D:2      | 1746 ||| INVOKING Spit Poison.
  1758 | D:2      | Found Yschiqok's Magic Scroll Emporium.
  1765 | D:2      | 1765 ||| SHOPLISTING scroll of brand weapon (123 gold, have
                  | 91).
  1765 | D:2      | 1765 ||| BUYING scroll of identify (26 gold).
  1765 | D:2      | Bought a scroll of identify for 26 gold pieces
  1765 | D:2      | 1765 ||| BUYING scroll of teleportation (39 gold).
  1765 | D:2      | Bought a scroll of teleportation for 39 gold pieces
  2092 | D:2      | 2092 ||| READING scroll labelled YZAUREI KYSUPS.
  2093 | D:2      | 2093 ||| READING 3 scrolls labelled NOIFEFEMOI.
  2094 | D:2      | 2094 ||| READING scroll labelled PYERGH ZUQENAXY.
  2095 | D:2      | 2095 ||| DRINKING 2 bubbling yellow potions.
  2199 | D:2      | 2199 ||| READING 2 scrolls of identify.
  2199 | D:2      | 2199 ||| IDENTIFYING pink potion
  2200 | D:2      | 2200 ||| DROPPING potion of berserk rage.
  2201 | D:2      | 2201 ||| DROPPING potion of brilliance.
  2202 | D:2      | 2202 ||| DROPPING 2 scrolls of vulnerability.
  2363 | D:3      | 2363 ||| INVOKING Spit Poison.
  2377 | D:3      | 2377 ||| INVOKING Spit Poison.
  2393 | D:3      | 2393 ||| INVOKING Spit Poison.
  2508 | D:3      | 2508 ||| INVOKING Spit Poison.
  2543 | D:3      | 2543 ||| INVOKING Spit Poison.
  2544 | D:3      | 2544 ||| INVOKING Spit Poison.
  2591 | D:3      | Found a radiant altar of Vehumet.
  2591 | D:3      | Found a sparkling altar of Nemelex Xobeh.
  2593 | D:3      | 2593 ||| INVOKING Spit Poison.
  2595 | D:3      | 2595 ||| UPGRADING to amulet of the acrobat.
  2600 | D:3      | 2600 ||| UPGRADING to ring of willpower.
  2607 | D:3      | 2607 ||| INVOKING Spit Poison.
  2612 | D:3      | 2612 ||| INVOKING Spit Poison.
  2776 | D:3      | 2776 ||| UPGRADING to amulet of regeneration.
  2786 | D:3      | 2786 ||| DROPPING amulet of the acrobat.
  2787 | D:3      | 2787 ||| READING 4 scrolls of identify.
  2787 | D:3      | 2787 ||| IDENTIFYING coppery potion
  2788 | D:3      | 2788 ||| DROPPING potion of ambrosia.
  2823 | D:4      | 2823 ||| INVOKING Spit Poison.
  2860 | D:4      | 2860 ||| INVOKING Spit Poison.
  2866 | D:4      | 2866 ||| INVOKING Spit Poison.
  2867 | D:4      | Reached skill level 3 in Fighting
  2867 | D:4      | Reached XP level 5. HP: 46/49 MP: 5/5
  2928 | D:4      | 2928 ||| INVOKING Spit Poison.
  2964 | D:4      | 2964 ||| INVOKING Spit Poison.
  2994 | D:4      | 2994 ||| INVOKING Spit Poison.
  2998 | D:4      | 2998 ||| INVOKING Spit Poison.
  3033 | D:4      | Noticed an ogre
  3037 | D:4      | 3037 ||| INVOKING Spit Poison.
  3040 | D:4      | Killed an ogre
  3041 | D:4      | Reached XP level 6. HP: 56/56 MP: 6/6
  3071 | D:4      | 3071 ||| INVOKING Spit Poison.
  3075 | D:4      | Reached skill level 6 in Ranged Weapons
  3099 | D:4      | Found an ornate altar of the Wu Jian Council.
  3101 | D:4      | Found an opulent altar of Gozag.
  3105 | D:4      | Found a glowing silver altar of Zin.
  3128 | D:4      | 3128 ||| INVOKING Spit Poison.
  3141 | D:4      | 3141 ||| INVOKING Spit Poison.
  3148 | D:4      | 3148 ||| INVOKING Spit Poison.
  3192 | D:4      | 3192 ||| INVOKING Spit Poison.
  3202 | D:4      | 3202 ||| INVOKING Spit Poison.
  3216 | D:4      | Identified the +0 robe of Pantheism {Int+2}
  3267 | D:4      | 3267 ||| INVOKING Spit Poison.
  3270 | D:4      | 3270 ||| INVOKING Spit Poison.
  3311 | D:4      | 3311 ||| INVOKING Spit Poison.
  3330 | D:4      | 3330 ||| UPGRADING to +0 cloak.
  3335 | D:4      | 3335 ||| DROPPING +0 robe of Pantheism {Int+2}.
  3336 | D:4      | 3336 ||| READING scroll labelled JERIOTE XORU.
  3337 | D:4      | 3337 ||| READING scroll labelled OXTECW QOESCH.
  3338 | D:4      | 3338 ||| READING 6 scrolls of identify.
  3338 | D:4      | 3338 ||| IDENTIFYING fizzy emerald potion
  3354 | D:5      | Entered Level 5 of the Dungeon
  3365 | D:5      | Found a glowing golden altar of the Shining One.
  3439 | D:5      | Identified the +4 scale mail "Hero's Friend" {Regen+ Dex+2
                  | Stlth-}
  3454 | D:5      | Noticed an ice beast
  3475 | D:5      | Killed an ice beast
  3530 | D:5      | Found a staircase to the Ecumenical Temple.
  3531 | D:5      | 3531 ||| PLANNING TEMPLE
  3539 | Temple   | Entered the Ecumenical Temple
  3578 | Temple   | 3578 ||| PLANNING OKAWARU WORSHIP
  3718 | Temple   | Became a worshipper of Warmaster Okawaru
  3718 | Temple   | 3718 ||| PLANNING D:1-11
  3752 | D:5      | 3752 ||| INVOKING Spit Poison.
  3757 | D:5      | 3757 ||| INVOKING Spit Poison.
  3793 | D:5      | 3793 ||| INVOKING Spit Poison.
  3803 | D:5      | 3803 ||| INVOKING Spit Poison.
  3806 | D:5      | Reached XP level 7. HP: 66/66 MP: 7/7
  3829 | D:5      | 3829 ||| INVOKING Spit Poison.
  3836 | D:5      | 3836 ||| INVOKING Spit Poison.
  3895 | D:5      | Noticed a steam dragon
  3897 | D:5      | 3897 ||| INVOKING Spit Poison.
  3901 | D:5      | 3901 ||| INVOKING Spit Poison.
  3906 | D:5      | 3906 ||| INVOKING Spit Poison.
  3912 | D:5      | 3912 ||| INVOKING Spit Poison.
  3912 | D:5      | Killed a steam dragon
  3913 | D:5      | Reached skill level 7 in Ranged Weapons
  3917 | D:5      | 3917 ||| INVOKING Spit Poison.
  3917 | D:5      | Reached * piety under Okawaru
  3966 | D:5      | 3966 ||| INVOKING Spit Poison.
  3983 | D:5      | 3983 ||| INVOKING Spit Poison.
  3989 | D:5      | Reached skill level 1 in Invocations
  4057 | D:5      | 4057 ||| INVOKING Spit Poison.
  4059 | D:5      | Reached skill level 1 in Armour
  4064 | D:5      | 4064 ||| INVOKING Spit Poison.
  4070 | D:5      | 4070 ||| INVOKING Spit Poison.
  4071 | D:5      | 4071 ||| INVOKING Heroism.
  4074 | D:5      | 4074 ||| INVOKING Spit Poison.
  4079 | D:5      | 4079 ||| INVOKING Spit Poison.
  4085 | D:5      | 4085 ||| INVOKING Spit Poison.
  4122 | D:5      | 4122 ||| INVOKING Spit Poison.
  4138 | D:5      | 4138 ||| INVOKING Spit Poison.
  4183 | D:5      | 4183 ||| INVOKING Spit Poison.
  4283 | D:5      | 4283 ||| INVOKING Spit Poison.
  4287 | D:5      | 4287 ||| INVOKING Spit Poison.
  4292 | D:5      | 4292 ||| INVOKING Spit Poison.
  4437 | D:5      | 4437 ||| INVOKING Spit Poison.
  4440 | D:5      | Reached XP level 8. HP: 73/73 MP: 8/8
  4491 | D:5      | 4491 ||| READING scroll labelled YMIUMP EWEXU.
  4592 | D:5      | 4592 ||| READING 6 scrolls of identify.
  4592 | D:5      | 4592 ||| IDENTIFYING brown potion
  4593 | D:5      | 4593 ||| READING 5 scrolls of identify.
  4593 | D:5      | 4593 ||| IDENTIFYING silvery potion
  4594 | D:5      | 4594 ||| DROPPING potion of lignification.
  4617 | D:6      | 4617 ||| INVOKING Spit Poison.
  4623 | D:6      | 4623 ||| INVOKING Heroism.
  4625 | D:6      | 4625 ||| INVOKING Spit Poison.
  4631 | D:6      | 4631 ||| INVOKING Spit Poison.
  4637 | D:6      | 4637 ||| INVOKING Spit Poison.
  4642 | D:6      | 4642 ||| INVOKING Spit Poison.
  4644 | D:6      | 4644 ||| INVOKING Heroism.
  4665 | D:6      | 4665 ||| INVOKING Spit Poison.
  4668 | D:6      | 4668 ||| INVOKING Spit Poison.
  4671 | D:6      | Reached skill level 8 in Ranged Weapons
  4699 | D:6      | Noticed qw's ghost (novice MiHu)
  4717 | D:6      | Found a transporter.
  4731 | D:6      | Found a transporter.
  4797 | D:6      | 4797 ||| INVOKING Spit Poison.
  4804 | D:6      | 4804 ||| INVOKING Spit Poison.
  4805 | D:6      | 4805 ||| INVOKING Heroism.
  4847 | D:6      | 4847 ||| INVOKING Spit Poison.
  4852 | D:6      | 4852 ||| INVOKING Spit Poison.
  4862 | D:6      | Noticed Maggie
  4863 | D:6      | 4863 ||| INVOKING Spit Poison.
  4869 | D:6      | 4869 ||| INVOKING Spit Poison.
  4872 | D:6      | 4872 ||| INVOKING Heroism.
  4877 | D:6      | 4877 ||| INVOKING Spit Poison.
  4879 | D:6      | HP: 15/67 [Maggie/bolt of fire (13)]
  4880 | D:6      | 4880 ||| READING 5 scrolls of teleportation.
  4881 | D:6      | 4881 ||| DRINKING potion of heal wounds.
  4882 | D:6      | 4882 ||| INVOKING Spit Poison.
  4921 | D:6      | 4921 ||| INVOKING Spit Poison.
  4929 | D:6      | 4929 ||| INVOKING Spit Poison.
  4934 | D:6      | HP: 11/65 [constriction (8)]
  4935 | D:6      | 4935 ||| READING 4 scrolls of teleportation.
  4936 | D:6      | 4936 ||| INVOKING Spit Poison.
  5093 | D:6      | 5093 ||| INVOKING Spit Poison.
  5098 | D:6      | 5098 ||| INVOKING Spit Poison.
  5128 | D:6      | 5128 ||| INVOKING Spit Poison.
  5136 | D:6      | 5136 ||| INVOKING Spit Poison.
  5143 | D:6      | 5143 ||| INVOKING Spit Poison.
  5146 | D:6      | 5146 ||| INVOKING Spit Poison.
  5149 | D:6      | 5149 ||| INVOKING Spit Poison.
  5263 | D:6      | 5263 ||| READING 5 scrolls of identify.
  5263 | D:6      | 5263 ||| IDENTIFYING viscous cyan potion
  5275 | D:7      | 5275 ||| PLANNING OSSUARY
  5275 | D:7      | 5275 ||| INVOKING Spit Poison.
  5281 | D:7      | 5281 ||| INVOKING Spit Poison.
  5284 | D:7      | Reached skill level 9 in Ranged Weapons
  5284 | D:7      | 5284 ||| STAIRDANCE
  5286 | D:6      | 5286 ||| INVOKING Spit Poison.
  5291 | D:6      | 5291 ||| INVOKING Spit Poison.
  5343 | D:7      | 5343 ||| INVOKING Spit Poison.
  5390 | D:7      | 5390 ||| INVOKING Spit Poison.
  5396 | D:7      | HP: 12/74 [killer bee (7)]
  5397 | D:7      | 5397 ||| READING 3 scrolls of teleportation.
  5397 | D:7      | HP: 4/74 [killer bee (3)]
  5397 | D:7      | HP: 1/74 [killer bee (3)]
  5398 | D:7      | 5398 ||| DRINKING potion of heal wounds.
  5399 | D:7      | Reached skill level 3 in Dodging
  5399 | D:7      | 5399 ||| INVOKING Spit Poison.
  5400 | D:7      | Slain by a killer bee

Levels and vault maps discovered:
D:1:      dpeg_arrival_castle, layout_basic, basic_ecumenical_altar,
          serial_shops, nicolae_shop_gaudy_bauble
D:2:      layout_basic, serial_shops, shop
D:3:      layout_basic, jmf_multi_god_temple
D:4:      layout_rooms, grunt_temple_overflow_open,
          eino_small_chamber_without_monster
D:5:      layout_gridville, amcnicky_altar_gilded, temple_green
D:6:      layout_rooms, gammafunk_ghost_arena, kennysheep_generic_room_11,
          uniq_maggie
D:7:      layout_layer_cave, mainiacjoe_overflow_concentric_impassable,
          mainiacjoe_overflow_boulevard, enter_bailey_4, enter_ossuary_4
Temple:   nicolae_temple_bog_church

Skill      XL: |  1  2  3  4  5  6  7  8 |
---------------+-------------------------+-----
Ranged Weapons | 4 5 6 7 9 |  9.0
Fighting       | 3 4 5 |  5.0
Dodging        | 2 3 |  3.0
Invocations    | 1 2 |  2.4
Armour         | 1 |  1.0
Stealth        | |  1.5

Action                     |  1- 3 |  4- 6 |  7- 9 || total
---------------------------+-------+-------+-------++-------
   Fire: Shortbow          |    51 |   124 |   229 ||   404
 Invoke: Heroism           |       |       |     5 ||     5
Ability: Spit Poison       |    23 |    38 |    54 ||   115
    Use: Scroll            |       |     8 |     7 ||    15
         Potion            |       |     1 |     2 ||     3
 Armour: Leather armour    |     4 |    24 |    54 ||    82
  Dodge: Dodged            |    17 |    25 |   131 ||   173

Table legend:
 A = Non-vault XP
 B = Vault XP
 C = Vault XP percentage of total XP
 D = Non-vault monster count
 E = Vault monster count
 F = Vault count percentage of total count
                 A         B        C        D         E       F
            +---------+---------+-------+---------+---------+-------
      Total |    2342 |      15 |   0.6 |     124 |       3 |   2.4
            +---------+---------+-------+---------+---------+-------
        D:1 |      39 |       0 |   0.0 |      22 |       0 |   0.0
        D:2 |      61 |       0 |   0.0 |      21 |       0 |   0.0
        D:3 |      20 |       5 |  20.0 |      13 |       2 |  13.3
        D:4 |     316 |       0 |   0.0 |      16 |       0 |   0.0
        D:5 |     785 |       0 |   0.0 |      23 |       0 |   0.0
        D:6 |     883 |      10 |   1.1 |      24 |       1 |   4.0
        D:7 |     238 |       0 |   0.0 |       5 |       0 |   0.0
            +---------+---------+-------+---------+---------+-------
